[Event "Team 45 45 League T51"]
[Site "Internet Chess Club"]
[Date "2012.01.15"]
[Round "9"]
[White "malihini"]
[Black "chips"]
[Result "1-0"]
[WhiteElo "1235"]
[BlackElo "1184"]
[Opening "Scandinavian (center counter) defense"]
[ECO "B01"]
[Time "21:11:27"]
[TimeControl "2700+45"]

1. e4 d5 2. exd5 Qxd5 3. Nf3 Nf6 4. Nc3 Qd8 5. Bc4 e6 6. Ne5 Nbd7 7. Qe2 Nxe5 8.
Qxe5 Qd7 9. Nb5 Bd6 10. Nxd6+ Qxd6 11. Qg5 h6 12. Qxg7 Qe5+ 13. Be2 Rh7 14. Qg3
Qxg3 15. hxg3 h5 16. d3 b6 17. Bg5 Nd5 18. Rxh5 Rxh5 19. Bxh5 Nb4 20. Kd2 Bb7
21. a3 Na6 22. Re1 Bxg2 23. Rxe6+ Kd7 24. Re7+ Kc6 25. Bxf7 Rf8 26. Ke3 Kd6 27.
f3 Nc5 28. Bh5 Ne6 29. Rf7 Rxf7 30. Bxf7 Nxg5 31. Bh5 c5 32. c3 Ne6 33. Bg4 Ng5
34. Kf2 Bh3 35. Bxh3 Nxh3+ 36. Ke3 Ke6 37. Ke4 Ng5+ 38. Kf4 Kf6 39. d4 Ne6+ 40.
Ke3 c4 41. d5 Nc5 42. Kd4 Nd3 43. Kxc4 Nxb2+ 44. Kb5 Ke5 45. Kc6 Nc4 46. f4+ Kf6
47. d6 Na5+ 48. Kc7 Kf5 49. d7 Kg4 50. d8=Q Kxg3 51. f5 Nb3 52. f6 Nc5 53. Qd6+
Kg4 54. Qxc5 bxc5 55. f7 Kf3 56. f8=Q+ Ke2 57. Qxc5 {Black resigns} 1-0

[Event "Team 45 45 League T51"]
[Site "Internet Chess Club"]
[Date "2012.01.15"]
[Round "9"]
[White "lawth3"]
[Black "CoasterBrake"]
[Result "1-0"]
[WhiteElo "1148"]
[BlackElo "1116"]
[Opening "QGD Slav: 4.Nc3"]
[ECO "D15"]
[Time "10:30:57"]
[TimeControl "2700+45"]

1. d4 Nf6 2. c4 c6 3. Nc3 d5 4. Nf3 Nbd7 5. Bf4 e6 6. e3 Bb4 7. a3 Ba5 8. Qc2
Bc7 9. Bg5 b6 10. b4 c5 11. cxd5 cxb4 12. axb4 O-O 13. e4 Qe8 14. Bb5 exd5 15.
e5 Ne4 16. Nxd5 Bd8 17. Qxe4 Bxg5 18. Nxg5 g6 19. Bxd7 Bxd7 20. Nf6+ {Black
resigns} 1-0

[Event "Team 45 45 League T51"]
[Site "Internet Chess Club"]
[Date "2012.01.16"]
[Round "9"]
[White "Uwak"]
[Black "Morovon23"]
[Result "1/2-1/2"]
[WhiteElo "2455"]
[BlackElo "2326"]
[Opening "Alekhine's defense: exchange variation"]
[ECO "B03"]
[Time "22:08:43"]
[TimeControl "2700+45"]

1. e4 Nf6 2. e5 Nd5 3. d4 d6 4. c4 Nb6 5. exd6 cxd6 6. Nc3 g6 7. Be3 Bg7 8. Rc1
O-O 9. b3 e5 10. dxe5 dxe5 11. Qxd8 Rxd8 12. c5 N6d7 13. Bc4 Nc6 14. Nf3 Na5 15.
Be2 b6 16. O-O bxc5 17. Ne4 Bb7 18. Nd6 Bf8 19. Rfd1 Bc6 20. Ng5 Bxd6 21. Rxd6
Rac8 22. Ba6 Nb6 23. Rxd8+ Rxd8 24. Bxc5 Bb7 25. Bb5 Bc6 26. Ba6 Bb7 27. Bf1 Rc8
28. b4 Na4 29. Be3 Rxc1 30. Bxc1 Nc6 31. a3 Nd4 32. Bc4 Nc3 33. Be3 Nd5 34. Bd2
Kg7 35. f3 f5 36. Kf2 h6 37. Nh3 g5 38. Ng1 Kf6 39. Ne2 Nc2 40. Bc1 f4 41. Bd3
Nce3 42. Be4 Ba6 43. Bd2 Nd1+ 44. Ke1 N1e3 45. g3 Ng2+ 46. Kf2 Nge3 47. Ke1 Ng2+
48. Kd1 Nge3+ 49. Bxe3 Nxe3+ 50. Ke1 Ke6 51. Nc3 Ng2+ 52. Kd2 Ne3 53. Bd3 Bb7
54. Ke2 Nf5 55. Bxf5+ Kxf5 56. g4+ Ke6 57. h3 Ba6+ 58. Kd2 Bf1 59. a4 Kd6 60.
Ke1 Bc4 61. Ne4+ Kd5 62. b5 Kd4 63. Kf2 Bd3 64. Nd6 Bc2 65. a5 Kc5 66. b6 axb6
67. a6 Bb3 68. a7 Bd5 69. Ne4+ Kd4 70. Nd6 Kc5 71. Ne4+ Kd4 72. Nd6 Kc5 73. Ne4+
Kd4 74. Nd6 Kc5 75. Ne4+ Kd4 {Game drawn by repetition} 1/2-1/2

[Event "Team 45 45 League T51"]
[Site "Internet Chess Club"]
[Date "2012.01.15"]
[Round "9"]
[White "MikeA"]
[Black "searchforbobby1"]
[Result "1-0"]
[WhiteElo "2267"]
[BlackElo "2147"]
[Opening "French: exchange variation"]
[ECO "C01"]
[Time "20:15:41"]
[TimeControl "2700+45"]

1. e4 e6 2. d4 d5 3. exd5 exd5 4. Bd3 Bd6 5. Nf3 Ne7 6. O-O Nbc6 7. Re1 Bg4 8.
c3 Qd7 9. Nbd2 O-O-O 10. b4 Rde8 11. b5 Nd8 12. c4 dxc4 13. Nxc4 Ng6 14. Be3 Bb4
15. Rf1 Qd5 16. Rb1 Bxf3 17. gxf3 Bd6 18. b6 axb6 19. Rxb6 Bxh2+ 20. Kxh2 Qh5+
21. Kg3 cxb6 22. Rh1 {Black resigns} 1-0

[Event "Team 45 45 League T51"]
[Site "Internet Chess Club"]
[Date "2012.01.11"]
[Round "9"]
[White "DARKwizard1"]
[Black "spacecadet"]
[Result "1/2-1/2"]
[WhiteElo "2120"]
[BlackElo "2137"]
[Opening "Sicilian: Hungarian variation"]
[ECO "B27"]
[Time "19:01:44"]
[TimeControl "2700+45"]

1. e4 c5 2. Nf3 g6 3. Bc4 Bg7 4. c3 e6 5. d4 cxd4 6. cxd4 d5 7. Bb5+ Bd7 8.
Bxd7+ Qxd7 9. Nc3 dxe4 10. Nxe4 Nc6 11. Be3 Nge7 12. Bh6 O-O 13. Bxg7 Kxg7 14.
O-O Rfd8 15. Nc5 Qc7 16. Rc1 Nf5 17. Qb3 b6 18. Nxe6+ fxe6 19. d5 exd5 20. Qc3+
d4 21. Qxc6 Qxc6 22. Rxc6 Rd7 23. Rd1 Rad8 24. g4 Nh6 25. h3 Nf7 26. Rd3 Rd5 27.
Rc7 a5 28. Kf1 b5 29. b3 Kg8 30. a4 bxa4 31. bxa4 Ne5 32. Nxe5 Rxe5 33. Rc4 Red5
34. Kg2 Rb8 35. Rcxd4 Rxd4 36. Rxd4 Rb4 37. Rxb4 axb4 38. a5 b3 39. a6 b2 40. a7
b1=Q 41. a8=Q+ Kg7 42. Qd5 h6 43. Qd7+ Kf6 44. Qd8+ Kf7 45. Qc7+ Kf6 46. Qc3+
Kf7 47. Qe3 Kg7 48. Qe7+ Kg8 49. Qf6 Qe4+ 50. Qf3 Qc2 51. h4 Qc5 52. h5 gxh5 53.
gxh5 Qc1 54. Qe3 Qc6+ 55. f3 Qd6 56. Qf2 Qd5 57. Qg3+ Kh8 58. Qb8+ Kg7 59. Qc7+
Kh8 60. Qc8+ Kh7 61. Qg4 Kh8 62. Qg6 Qxf3+ 63. Kxf3 {Black stalemated} 1/2-1/2

[Event "Team 45 45 League T51"]
[Site "Internet Chess Club"]
[Date "2012.01.14"]
[Round "9"]
[White "Folgers"]
[Black "boknoy"]
[Result "1-0"]
[WhiteElo "2235"]
[BlackElo "1940"]
[Opening "Levitsky attack (Queen's bishop attack)"]
[ECO "D00"]
[Time "17:04:36"]
[TimeControl "2700+45"]

1. d4 d5 2. Bg5 f6 3. Bf4 Nc6 4. Nf3 Bg4 5. Nbd2 Nxd4 6. Nxd4 e5 7. h3 Bh5 8.
N2f3 exf4 9. Ne6 Qd6 10. Qxd5 Qxd5 11. Nxc7+ Kf7 12. Nxd5 g5 13. O-O-O Bc5 14.
e3 fxe3 15. Nxe3 Ne7 16. Bc4+ Kf8 17. g4 Be8 18. Nd4 Bxd4 19. Rxd4 h5 20. Rd6
Rh6 21. Rhd1 Rc8 22. Be6 Rc6 23. Bd7 Rxd6 24. Rxd6 hxg4 25. hxg4 Rh1+ 26. Kd2
Ng8 27. Be6 Ke7 28. Nf5+ Kf8 29. Bxg8 Kxg8 30. Rxf6 Rg1 31. Rd6 Kf8 32. Ne3 Ke7
33. Rd5 Kf6 34. Rf5+ Kg6 35. Rd5 Kf6 36. Kc3 Bc6 37. Rd4 Bf3 38. a4 a6 39. Kb4
Re1 40. Rd8 Bc6 41. Rd6+ Ke5 42. Rg6 Re2 43. Rxg5+ Ke6 44. Rf5 Be4 45. Rf4 Bxc2
46. Nxc2 Rxc2 47. b3 Rc8 48. g5 Rg8 49. Rf6+ Ke7 50. f4 Rd8 51. Kc5 Rd3 52. b4
Ra3 53. a5 Rb3 54. f5 Rg3 55. Re6+ Kd7 56. g6 Rg5 57. Re5 Kc7 58. Re7+ Kd8 59.
Rf7 Rg4 60. g7 {Black resigns} 1-0

[Event "Team 45 45 League T51"]
[Site "Internet Chess Club"]
[Date "2012.01.16"]
[Round "9"]
[White "rook9999"]
[Black "rookmaster23"]
[Result "1-0"]
[WhiteElo "1940"]
[BlackElo "1534"]
[Opening "Sicilian: Najdorf, Byrne (English) attack"]
[ECO "B90"]
[Time "14:30:07"]
[TimeControl "2700+45"]

1. e4 c5 2. Nf3 d6 3. d4 cxd4 4. Nxd4 Nf6 5. Nc3 a6 6. Be3 e5 7. Nb3 Be6 8. f3
Be7 9. Qd2 Nbd7 10. g4 b5 11. g5 Nh5 12. Nd5 Bxd5 13. Qxd5 Rc8 14. Qd2 Nb6 15.
h4 Qc7 16. Bxb6 Qxb6 17. Bh3 Rc7 18. O-O-O Nf4 19. Kb1 O-O 20. Bf1 Ra8 21. Bd3
a5 22. Nc1 b4 23. Ne2 Nxd3 24. Qxd3 a4 25. f4 Rb7 26. b3 axb3 27. cxb3 Rba7 28.
Rd2 Qa6 29. Qd5 Qb7 30. fxe5 Qxd5 31. exd5 dxe5 32. d6 Rd7 33. Rhd1 Bf8 34. Ng3
h6 35. gxh6 gxh6 36. Ne4 Kg7 37. Rg1+ Kh8 38. Nf6 {Black resigns} 1-0

[Event "Team 45 45 League T51"]
[Site "Internet Chess Club"]
[Date "2012.01.17"]
[Round "9"]
[White "milesotoole"]
[Black "Mymas"]
[Result "0-1"]
[WhiteElo "1554"]
[BlackElo "1621"]
[Opening "Blackmar gambit"]
[ECO "D00"]
[Time "11:04:31"]
[TimeControl "2700+45"]

1. d4 d5 2. e4 dxe4 3. Nc3 Nf6 4. f3 Bf5 5. g4 Bg6 6. g5 Nd5 7. Nxe4 e6 8. c4
Nb6 9. c5 Nd5 10. Ne2 Nc6 11. Bd2 Be7 12. N2g3 O-O 13. f4 Nxd4 14. Bc3 Ne3 15.
Qd2 {White resigns} 0-1

[Event "Team 45 45 League T51"]
[Site "Internet Chess Club"]
[Date "2012.01.14"]
[Round "9"]
[White "ausya"]
[Black "chicopee-ed"]
[Result "1-0"]
[WhiteElo "1546"]
[BlackElo "1361"]
[Opening "Petrov's defense"]
[ECO "C42"]
[Time "10:00:16"]
[TimeControl "2700+45"]

1. e4 e5 2. Nf3 Nf6 3. d3 Nc6 4. Be2 d5 5. exd5 Nxd5 6. O-O Be7 7. Nbd2 O-O 8.
Nc4 Bf6 9. Be3 Nd4 10. Bxd4 exd4 11. Ncd2 Nf4 12. Ne4 Nxe2+ 13. Qxe2 Bg4 14. h3
Bxf3 15. Qxf3 Be7 16. Ng3 c6 17. Rfe1 Re8 18. Re4 Bd6 19. Rxd4 Re6 20. Ne4 Qe7
21. Nxd6 Rxd6 22. Re4 Qd7 23. Rae1 Re6 24. Qg4 Rae8 25. Rxe6 Rxe6 26. Rxe6 fxe6
27. Qe4 Qf7 28. Qd4 g6 29. Qxa7 Qf4 30. Qa8+ Kg7 31. Qxb7+ Kg8 32. Qc8+ Kg7 33.
Qd7+ Kg8 34. Qxe6+ Kg7 35. Qe3 Qb4 36. b3 Qc3 37. Qe2 Qa1+ 38. Kh2 Qxa2 39. Qe7+
Kh6 40. Qf8+ Kg5 41. f4+ Kh4 42. Qh6# {Black checkmated} 1-0

[Event "Team 45 45 League T51"]
[Site "Internet Chess Club"]
[Date "2012.01.15"]
[Round "9"]
[White "Just-Jim"]
[Black "cazj"]
[Result "0-1"]
[WhiteElo "1394"]
[BlackElo "1373"]
[Opening "Van't Kruijs opening"]
[ECO "A00"]
[Time "14:01:33"]
[TimeControl "2700+45"]

1. e3 e5 2. d4 exd4 3. Qxd4 Nc6 4. Qe4+ Be7 5. Bb5 Nf6 6. Qf3 a6 7. Bxc6 dxc6 8.
h3 O-O 9. a3 Re8 10. Nc3 Nd5 11. Nxd5 Qxd5 12. Qe4 Qxe4 13. Nf3 Qxc2 14. O-O Qg6
15. Ne5 Qf6 16. f4 Bd6 17. Ng4 Bxg4 18. hxg4 Bxa3 19. Rxa3 Rad8 20. Kf2 Qg6 21.
Kf3 Qe4+ 22. Kg3 Rd3 23. Ra1 Qd4 24. Kh2 Rdxe3 25. Bxe3 Rxe3 26. Rad1 Rd3 27.
Rde1 h6 28. g5 hxg5 29. fxg5 Qh4+ 30. Kg1 Rd2 31. Re8+ Kh7 32. g6+ fxg6 33. Rff8
Rd1+ 34. Rf1 Qd4+ {White resigns} 0-1

[Event "Team 45 45 League T51"]
[Site "Internet Chess Club"]
[Date "2012.01.14"]
[Round "9"]
[White "zigzag2002"]
[Black "nanning"]
[Result "0-1"]
[WhiteElo "1747"]
[BlackElo "1496"]
[Opening "Caro-Kann: exchange variation"]
[ECO "B13"]
[Time "15:00:34"]
[TimeControl "2700+45"]

1. e4 c6 2. d4 d5 3. exd5 cxd5 4. Bd3 Nc6 5. c3 Qc7 6. Nf3 Bg4 7. Be3 Nf6 8.
Nbd2 e5 9. dxe5 Nxe5 10. Bb5+ Nc6 11. h3 Bh5 12. O-O Bd6 13. Bg5 Ne4 14. Nxe4
dxe4 15. Re1 f5 16. Qd5 h6 17. Nd4 hxg5 18. Nxc6 g6 19. Rad1 bxc6 20. Bxc6+ Ke7
21. Bxa8 Rd8 22. Qb7 Qxb7 23. Bxb7 Bxd1 24. f3 Bg3 25. Re3 Be2 26. Bd5 Rxd5 27.
Rd3 Rxd3 28. f4 Rd1# {White checkmated} 0-1

[Event "Team 45 45 League T51"]
[Site "Internet Chess Club"]
[Date "2012.01.12"]
[Round "9"]
[White "JohLeb"]
[Black "cys456"]
[Result "0-1"]
[WhiteElo "1442"]
[BlackElo "1701"]
[Opening "Nimzo-Indian: Sämisch variation"]
[ECO "E24"]
[Time "20:58:19"]
[TimeControl "2700+45"]

1. d4 Nf6 2. c4 e6 3. Nc3 Bb4 4. a3 Bxc3+ 5. bxc3 b6 6. Bg5 Ba6 7. e3 Nc6 8. Bd3
Na5 9. c5 Bxd3 10. Qxd3 bxc5 11. Qb5 c6 12. Qxc5 Nb3 13. Qc4 Nxa1 14. Qa2 Qa5
15. Bxf6 Qxc3+ 16. Kd1 gxf6 17. Ne2 Qb3+ 18. Qxb3 Nxb3 19. Kc2 Na5 20. Nc3 Nc4
21. a4 Rb8 22. Kd3 d5 23. e4 Rb2 24. Rd1 Rxf2 25. exd5 exd5 {White resigns} 0-1

[Event "Team 45 45 League T51"]
[Site "Internet Chess Club"]
[Date "2012.01.15"]
[Round "9"]
[White "chesschessboy"]
[Black "jjaillet2007"]
[Result "0-1"]
[WhiteElo "1353"]
[BlackElo "1372"]
[Opening "French: Marshall variation"]
[ECO "C10"]
[Time "10:13:14"]
[TimeControl "2700+45"]

1. e4 e6 2. d4 d5 3. Nc3 c5 4. Nf3 Nc6 5. Bb5 a6 6. Bxc6+ bxc6 7. Be3 Nf6 8. e5
Nd7 9. Na4 Qa5+ 10. c3 cxd4 11. Nxd4 Bb7 12. b4 Qc7 13. f4 c5 14. bxc5 Nxc5 15.
Nxc5 Bxc5 16. Qb3 O-O 17. O-O Rab8 18. Qc2 Bxd4 19. Bxd4 Ba8 20. Qd3 a5 21. Rac1
Qc4 22. Qxc4 dxc4 23. Rb1 a4 24. Bc5 Rfc8 25. Bd6 Rb7 26. Rxb7 Bxb7 27. Rb1 Bd5
28. Rb4 Ra8 29. Kf2 f6 30. g3 f5 31. Ke3 Kf7 32. Kd4 Kg6 33. Rb5 Kh5 34. Ke3 g5
35. fxg5 Kxg5 36. Rb2 Kg4 37. Rd2 Kh3 38. Kf4 Bg2 39. Rd4 Rg8 40. Rxc4 Rg4+ 41.
Ke3 Rxc4 42. Kd3 Bd5 43. a3 Kxh2 {White resigns} 0-1

[Event "Team 45 45 League T51"]
[Site "Internet Chess Club"]
[Date "2012.01.15"]
[Round "9"]
[White "theartist"]
[Black "Joeohio"]
[Result "0-1"]
[WhiteElo "1227"]
[BlackElo "1454"]
[Opening "QGD: exchange, positional line"]
[ECO "D35"]
[Time "12:34:03"]
[TimeControl "2700+45"]

1. d4 d5 2. c4 e6 3. Nc3 Nf6 4. cxd5 exd5 5. Bg5 Nbd7 6. Nxd5 Nxd5 7. Bxd8 Bb4+
8. Qd2 Bxd2+ 9. Kxd2 Kxd8 10. e4 N5f6 11. Bd3 c5 12. d5 Ne5 13. Nf3 Re8 14. Ng5
c4 15. Bc2 Bd7 16. f4 Ng6 17. Ke3 Nxd5+ 18. Kf3 Ndxf4 19. g3 Ne6 20. Nxe6+ Rxe6
21. Rad1 Ke7 22. Ke3 Bc6 23. Rhf1 b5 24. Kd4 Rd8+ 25. Ke3 Rxd1 26. Rxd1 f5 27.
Rd4 fxe4 28. Bxe4 Bxe4 29. Rxe4 Rxe4+ 30. Kxe4 Kd6 31. Kd4 Ne5 32. b4 Nf3+ 33.
Kc3 Nxh2 34. a4 a6 35. axb5 axb5 36. Kd4 g5 37. Ke4 h5 38. Ke3 h4 39. Kf2 c3 40.
gxh4 c2 41. h5 c1=Q 42. h6 Ng4+ {White resigns} 0-1